 Dungeon Crawl Stone Soup version 0.29.0-4-gdea44cf6ec (webtiles) character file.

Game seed: 11654027437252695797

24129 qw the Blocker (level 12, -4/111 HPs)
             Began as a Troll Cinder Acolyte on Sept 1, 2022.
             Was a Believer of Okawaru.
             Slain by an 11-headed hydra (10 damage)
             ... on level 4 of the Lair of Beasts.
             The game lasted 00:07:55 (15007 turns).

qw the Blocker (Troll Cinder Acolyte)              Turns: 15007, Time: 00:07:55

Health: -4/111     AC:  5    Str: 28    XL:     12   Next: 77%
Magic:  13/14      EV: 13    Int: 14    God:    Okawaru [**....]
Gold:   1221       SH: 18    Dex:  4    Spells: 13/13 levels left

rFire   . . .      SeeInvis +     - Unarmed
rCold   . . .      Faith    .   c - +0 tower shield
rNeg    + . .      Spirit   .   a - +0 troll leather armour
rPois   .          Reflect  .   (helmet restricted)
rElec   .          Harm     .   m - +1 cloak
rCorr   .          Rampage  .   (gloves unavailable)
Will    .....                   (boots unavailable)
Stlth   ++........              (no amulet)
HPRegen 1.88/turn               q - +4 ring of evasion
MPRegen 0.14/turn               e - ring of Pebil {*Corrode rF+ rN+ SInv}

@: about to teleport, heroic, corroded, fire susceptible
A: large, unfitting armour, claws 3, regeneration 1, shaggy fur 1, tough skin 1,
clever 1
a: Renounce Religion, Heroism


You were on level 4 of the Lair of Beasts.
You worshipped Okawaru.
Okawaru was pleased with you.
You visited 3 branches of the dungeon, and saw 16 of its levels.
You also visited: Gauntlet.

You collected 1221 gold pieces.


Innate Abilities, Weirdness & Mutations

You are too large for most types of armour.
You have claws for hands.
Your natural rate of healing is unusually fast.
You are covered in fur. (AC +1)
You have tough skin. (AC +1)
Your mind is acute. (Int +4, Str/Dex -1)


   Skills:
 - Level 5.0(10.0) Fighting
 - Level 3.0(8.0) Throwing
 - Level 1.1(6.1) Armour
 - Level 2.0(7.0) Dodging
 + Level 13.7(18.7) Shields
 - Level 13.6(18.6) Unarmed Combat
 - Level 1.0 Spellcasting
 - Level 2.1 Fire Magic
 - Level 4.1 Invocations


You had 13 spell levels left.
You didn't know any spells.
Your spell library contained the following spells:

 Spells                   Type           Power      Damage    Failure   Level
 Scorch                   Fire           12%        2d5       34%         2

Inventory:

Armour
 a - a +0 troll leather armour (worn)
 c - a +0 tower shield (worn)
 m - a +1 cloak (worn)
Jewellery
 e - the ring of Pebil (right claw) {*Corrode rF+ rN+ SInv}
   (You found it in a Gauntlet)

   [ring of see invisible]

   rF:        It protects you from fire.
   rN:        It protects you from negative energy.
   SInv:      It lets you see invisible.
   *Corrode:  It may corrode you when you take damage.
 g - a +6 ring of strength
 n - a ring of fire
 q - a +4 ring of evasion (left claw)
 t - a ring of ice
Scrolls
 b - a scroll of brand weapon
 d - 5 scrolls of teleportation
 i - 2 scrolls of identify
 r - 2 scrolls of enchant weapon
Potions
 f - 3 potions of heal wounds
 h - 2 potions of cancellation
 j - 5 potions of curing
 k - a potion of might
 l - a potion of haste
 p - a potion of mutation
 s - a potion of berserk rage {unknown}

Dungeon Overview and Level Annotations

Branches:
Dungeon (11/15)            Temple (1/1) D:4            Lair (4/5) D:11
  Swamp (0/4) Lair:3       Spider (0/4) Lair:3          Orc (0/2) D:9
Gauntlet (visited)
  Slime: Lair:4-5

Altars:
Ashenzari
Cheibriados
Dithmenos
Elyvilon
Fedhas
Gozag
Hepliaklqana
Kikubaaqudgha
Makhleb
Nemelex Xobeh
Okawaru
Qazlal
Ru
Sif Muna
Trog
Uskayaw
Vehumet
Wu Jian
Xom
Yredelemnul
Zin
The Shining One

Shops:
D:11 [

Portals:
Abyss: Lair:3
Trove: D:10 (show abyssal rune of Zot)

Annotations:
D:4 Natasha
Lair:1 1 runed translucent door, qw's ghost, journeyman TrCA
Lair:3 2 transporters, qw's ghost, journeyman TrCA


Message History

You block the nine-headed hydra's attack.
The nine-headed hydra bites you but does no damage. x2
The nine-headed hydra barely misses you. x2
The nine-headed hydra bites you.
You rip one of the nine-headed hydra's heads off!
The eight-headed hydra grows two more!
You claw the ten-headed hydra!
The ten-headed hydra is almost dead.
You block the ten-headed hydra's attack. x2
The ten-headed hydra completely misses you.
The ten-headed hydra bites you! The ten-headed hydra bites you.
Your corrosive artefact corrodes you!
You block the ten-headed hydra's attack.
The ten-headed hydra barely misses you.
The ten-headed hydra bites you but does no damage.
The ten-headed hydra bites you! x2
You scratch the ten-headed hydra.
The ten-headed hydra is almost dead.
The ten-headed hydra bites you.
The ten-headed hydra closely misses you.
You block the ten-headed hydra's attack.
The ten-headed hydra misses you. The ten-headed hydra barely misses you.
You block the ten-headed hydra's attack. x2
The ten-headed hydra bites you but does no damage.
The ten-headed hydra bites you.
The ten-headed hydra closely misses you.
You claw one of the ten-headed hydra's heads off!
The nine-headed hydra grows two more!
You claw the 11-headed hydra!
The 11-headed hydra is almost dead.
You block the 11-headed hydra's attack. The 11-headed hydra bites you!
You block the 11-headed hydra's attack. x2
The 11-headed hydra closely misses you. The 11-headed hydra bites you.
The 11-headed hydra bites you but does no damage.
The 11-headed hydra bites you. The 11-headed hydra bites you! x2
The 11-headed hydra bites you.
15007 ||| READING 6 scrolls of teleportation.
As you read the scroll of teleportation, it crumbles to dust.
You feel strangely unstable.
You block the 11-headed hydra's attack. x3; The 11-headed hydra misses you.
The 11-headed hydra bites you!
You die...

## #### #
##.#####..#####.##
#..........(......
##.................
#.........%.%......
#........###...###
#........# ...#
#.....D..# D##
#....@...# #
#........##
#.........#
#.........P# .#
##.........# ...##
#P........## ....#
##........###....#
......)...##...# #
..............###.#


You could see a 11-headed hydra.

Vanquished Creatures
  A minotaur (Gauntlet)
  Snorg (Lair:4)
  2 boulder beetles
  Erica (D:8)
  A two-headed ogre (D:10)
  A tengu warrior (Gauntlet)
  An ugly thing (D:8)
  An obsidian statue (Gauntlet)
  A manticore (D:8)
  5 black mambas
  Maurice (D:8)
  An ice statue (Gauntlet)
  A gargoyle (D:11)
  6 cane toads
  4 komodo dragons
  3 rime drakes
  A tengu conjurer (Gauntlet)
  A burning bush (Lair:1)
  A polar bear (Lair:4)
  3 trolls (D:11)
  4 dream sheep (Lair:3)
  A shadow (D:9)
  A vampire (D:11)
  19 yaks
  A wraith (D:10)
  4 wyverns
  3 basilisks
  8 fire elementals
  A steam dragon (D:10)
  Edmund (D:5)
  17 water moccasins
  An acid dragon (D:10)
  Duvessa (D:4)
  2 black bears (D:11)
  4 ice beasts
  3 orc warriors
  A sky beast (D:7)
  5 centaurs
  An ogre (D:4)
  A wolf (Lair:2)
  A phantom (D:5)
  Blork the orc (D:4)
  11 bullfrogs
  A gnoll sergeant (D:8)
  6 necrophages
  3 scorpions
  3 wights (D:7)
  Dowan (D:4)
  A howler monkey (D:6)
  7 orc priests
  4 hounds
  4 jellies
  7 iguanas
  8 orc wizards
  Natasha (twice) (D:4)
  Robin (D:4)
  10 adders
  4 gnolls (D:8)
  A shadow imp (D:8)
  A worm (D:6)
  2 dart slugs
  46 orcs
  8 ball pythons
  4 endoplasms
  5 giant cockroaches
  5 hobgoblins
  6 jackals
  4 kobolds
  4 quokkas
  5 bats
  2 frilled lizards
  20 goblins
  3 rats
307 creatures vanquished.

Vanquished Creatures (others)
  13 fungi
  33 plants
46 creatures vanquished.

Grand Total: 353 creatures vanquished

Notes
Turn   | Place    | Note
-------+----------+-------------------------------------------
     0 | D:1      | qw the Troll Cinder Acolyte began the quest for the Orb.
     0 | D:1      | Reached XP level 1. HP: 22/22 MP: 1/1
     0 | D:1      | 0 ||| qw: Version: 0.1-a-97-g2dd2ca4
     0 | D:1      | 0 ||| qw: Game counter: 4686
     0 | D:1      | 0 ||| qw: Always use a shield: true
     0 | D:1      | 0 ||| qw: God list: Okawaru
     0 | D:1      | 0 ||| qw: Allow faded altars: false
     0 | D:1      | 0 ||| qw: Do Orc after D:15 true
     0 | D:1      | 0 ||| qw: Do second Lair branch before Depths: true
     0 | D:1      | 0 ||| qw: Lair rune preference: random
     0 | D:1      | 0 ||| qw: Plans: Normal
     0 | D:1      | 0 ||| PLANNING D:1-11
   202 | D:1      | 202 ||| Stepping ~*~*~tactically~*~*~ (outnumbered).
   213 | D:1      | Reached XP level 2. HP: 25/29 MP: 2/2
   823 | D:1      | 823 ||| UPGRADING to +0 kite shield.
   828 | D:1      | 828 ||| UPGRADING to +6 ring of strength.
   829 | D:1      | 829 ||| READING scroll labelled SISCHOTE PEUBE.
   833 | D:1      | 833 ||| READING scroll labelled POXZEXTEIC.
   834 | D:1      | 834 ||| READING scroll labelled FIMICO XESHAGU.
   835 | D:1      | 835 ||| READING scroll labelled MUFUOR CECI.
   924 | D:2      | Reached XP level 3. HP: 36/36 MP: 3/3
  1133 | D:2      | Reached skill level 1 in Shields
  1235 | D:2      | 1235 ||| Stepping ~*~*~tactically~*~*~ (stealth).
  1269 | D:2      | Found Lusonam's Weapon Boutique.
  1380 | D:2      | Found a faded altar of an unknown god.
  1406 | D:2      | 1406 ||| Stepping ~*~*~tactically~*~*~ (hiding).
  1408 | D:2      | 1408 ||| Stepping ~*~*~tactically~*~*~ (hiding).
  1710 | D:2      | 1710 ||| READING 3 scrolls labelled EFEELI RABUPO.
  1711 | D:2      | 1711 ||| DRINKING 2 fizzy golden potions.
  1812 | D:2      | 1812 ||| DROPPING potion of ambrosia.
  1813 | D:2      | 1813 ||| DROPPING 2 scrolls of amnesia.
  1850 | D:3      | 1850 ||| Stepping ~*~*~tactically~*~*~ (stealth).
  1851 | D:3      | 1851 ||| Stepping ~*~*~tactically~*~*~ (stealth).
  1855 | D:3      | Reached XP level 4. HP: 44/44 MP: 4/4
  1862 | D:3      | 1862 ||| Stepping ~*~*~tactically~*~*~ (stealth).
  1863 | D:3      | 1863 ||| Stepping ~*~*~tactically~*~*~ (stealth).
  1864 | D:3      | 1864 ||| Stepping ~*~*~tactically~*~*~ (stealth).
  1865 | D:3      | 1865 ||| Stepping ~*~*~tactically~*~*~ (stealth).
  2383 | D:3      | 2383 ||| DROPPING ring of wizardry.
  2384 | D:3      | 2384 ||| READING scroll labelled DENUATHRERPH.
  2385 | D:3      | 2385 ||| DRINKING 2 fuming red potions.
  2386 | D:3      | 2386 ||| READING scroll of teleportation.
  2398 | D:4      | Noticed a scorpion
  2398 | D:4      | Noticed a necrophage
  2399 | D:4      | 2399 ||| STAIRDANCE
  2402 | D:3      | Killed a scorpion
  2403 | D:3      | Reached skill level 3 in Shields
  2403 | D:3      | Reached XP level 5. HP: 50/50 MP: 5/5
  2410 | D:4      | 2410 ||| STAIRDANCE
  2438 | D:4      | 2438 ||| Stepping ~*~*~tactically~*~*~ (stealth).
  2442 | D:4      | 2442 ||| Stepping ~*~*~tactically~*~*~ (stealth).
  2448 | D:4      | 2448 ||| Stepping ~*~*~tactically~*~*~ (stealth).
  2452 | D:4      | 2452 ||| Stepping ~*~*~tactically~*~*~ (outnumbered).
  2461 | D:4      | Noticed Robin
  2462 | D:4      | 2462 ||| Stepping ~*~*~tactically~*~*~ (hiding).
  2472 | D:4      | Killed Robin
  2518 | D:4      | 2518 ||| Stepping ~*~*~tactically~*~*~ (stealth).
  2519 | D:4      | 2519 ||| Stepping ~*~*~tactically~*~*~ (stealth).
  2536 | D:4      | 2536 ||| Stepping ~*~*~tactically~*~*~ (stealth).
  2564 | D:4      | 2564 ||| Stepping ~*~*~tactically~*~*~ (stealth).
  2573 | D:4      | 2573 ||| Stepping ~*~*~tactically~*~*~ (stealth).
  2649 | D:4      | Found a staircase to the Ecumenical Temple.
  2718 | D:4      | Reached XP level 6. HP: 44/59 MP: 6/6
  2777 | D:4      | 2777 ||| Stepping ~*~*~tactically~*~*~ (stealth).
  2779 | D:4      | Noticed Natasha
  2780 | D:4      | 2780 ||| Stepping ~*~*~tactically~*~*~ (stealth).
  2786 | D:4      | Killed Natasha
  2805 | D:4      | Noticed Blork the orc
  2812 | D:4      | Noticed Dowan
  2813 | D:4      | 2813 ||| INVOKING Fiery Armour.
  2813 | D:4      | Noticed Natasha
  2814 | D:4      | 2814 ||| Stepping ~*~*~tactically~*~*~ (outnumbered).
  2817 | D:4      | Noticed Duvessa
  2821 | D:4      | 2821 ||| Stepping ~*~*~tactically~*~*~ (outnumbered).
  2825 | D:4      | Killed Duvessa
  2825 | D:4      | HP: 13/59 [Blork the orc/+4 halberd of pain (3)]
  2826 | D:4      | 2826 ||| READING scroll of teleportation.
  2916 | D:4      | 2916 ||| Stepping ~*~*~tactically~*~*~ (stealth).
  3039 | D:4      | 3039 ||| INVOKING Fiery Armour.
  3039 | D:4      | HP: 10/59 [Blork the orc/+4 halberd of pain (18)]
  3041 | D:4      | HP: 3/59 [Blork the orc/+4 halberd of pain (4)]
  3041 | D:4      | HP: 1/59 [Blork the orc/puff of frost (1)]
  3043 | D:4      | Killed Blork the orc
  3044 | D:4      | Reached skill level 6 in Unarmed Combat
  3123 | D:4      | Killed Dowan
  3124 | D:4      | Reached XP level 7. HP: 54/66 MP: 7/7
  3147 | D:4      | 3147 ||| INVOKING Fiery Armour.
  3151 | D:4      | 3151 ||| Stepping ~*~*~tactically~*~*~ (outnumbered).
  3154 | D:4      | Killed Natasha
  3342 | D:4      | 3342 ||| READING 2 scrolls labelled WOREVU JOUR.
  3343 | D:4      | 3343 ||| DRINKING 2 lumpy purple potions.
  3343 | D:4      | Gained mutation: You sometimes lose your temper in combat.
                  | [potion of mutation]
  3343 | D:4      | Gained mutation: You have a somewhat thin skeletal
                  | structure. (Dex +2, Stealth+) [potion of mutation]
  3343 | D:4      | Gained mutation: Your muscles are strong. (Str +4, Int/Dex
                  | -1) [potion of mutation]
  3343 | D:4      | Gained mutation: Your mind is acute. (Int +4, Str/Dex -1)
                  | [potion of mutation]
  3344 | D:4      | 3344 ||| DRINKING potion of mutation.
  3344 | D:4      | Lost mutation: Your mind is acute. (Int +4, Str/Dex -1)
                  | [potion of mutation]
  3344 | D:4      | Lost mutation: You have a somewhat thin skeletal structure.
                  | (Dex +2, Stealth+) [potion of mutation]
  3344 | D:4      | Lost mutation: You sometimes lose your temper in combat.
                  | [potion of mutation]
  3344 | D:4      | Gained mutation: You occasionally lose the ability to drink
                  | potions when taking damage. [potion of mutation]
  3344 | D:4      | Gained mutation: You heal very quickly. [potion of
                  | mutation]
  3344 | D:4      | Gained mutation: Your mind is acute. (Int +4, Str/Dex -1)
                  | [potion of mutation]
  3398 | D:5      | Entered Level 5 of the Dungeon
  3471 | D:5      | 3471 ||| Stepping ~*~*~tactically~*~*~ (stealth).
  3518 | D:5      | Noticed Edmund
  3531 | D:5      | Killed Edmund
  3566 | D:5      | Reached XP level 8. HP: 69/74 MP: 8/8
  3586 | D:5      | Reached skill level 6 in Shields
  3648 | D:5      | 3648 ||| DRINKING potion of mutation.
  3648 | D:5      | Lost mutation: You occasionally lose the ability to drink
                  | potions when taking damage. [potion of mutation]
  3648 | D:5      | Lost mutation: Your muscles are strong. (Str +4, Int/Dex
                  | -1) [potion of mutation]
  3648 | D:5      | Lost mutation: You heal very quickly. [potion of mutation]
  3648 | D:5      | Gained mutation: You are agile. (Dex +4, Str/Int -1)
                  | [potion of mutation]
  3733 | D:5      | Reached skill level 1 in Dodging
  3953 | D:5      | 3953 ||| Stepping ~*~*~tactically~*~*~ (stealth).
  4083 | D:5      | 4083 ||| Stepping ~*~*~tactically~*~*~ (outnumbered).
  4216 | D:5      | 4216 ||| Stepping ~*~*~tactically~*~*~ (hiding).
  4220 | D:5      | 4220 ||| Stepping ~*~*~tactically~*~*~ (hiding).
  4394 | D:5      | 4394 ||| READING scroll labelled YSKIVO OMU WAC.
  4395 | D:5      | 4395 ||| READING scroll labelled USIUSO MUBIEQ.
  4396 | D:5      | 4396 ||| DRINKING 2 puce potions.
  4397 | D:5      | 4397 ||| DRINKING 2 grey potions.
  4398 | D:5      | 4398 ||| READING 3 scrolls of identify.
  4398 | D:5      | 4398 ||| IDENTIFYING murky dark potion
  4399 | D:5      | 4399 ||| READING 2 scrolls of identify.
  4399 | D:5      | 4399 ||| IDENTIFYING fizzy pink potion
  4400 | D:5      | 4400 ||| DROPPING potion of degeneration.
  4401 | D:5      | 4401 ||| DROPPING potion of attraction.
  4471 | D:6      | 4471 ||| PLANNING SEWER
  4483 | D:6      | 4483 ||| Stepping ~*~*~tactically~*~*~ (stealth).
  4485 | D:6      | 4485 ||| Stepping ~*~*~tactically~*~*~ (stealth).
  4689 | D:6      | Reached skill level 3 in Fighting
  4704 | D:6      | 4704 ||| Stepping ~*~*~tactically~*~*~ (hiding).
  4715 | D:6      | 4715 ||| DRINKING 3 potions of curing.
  4715 | D:6      | 4715 ||| (to cure confusion)
  4797 | D:6      | 4797 ||| Stepping ~*~*~tactically~*~*~ (hiding).
  4798 | D:6      | 4798 ||| Stepping ~*~*~tactically~*~*~ (hiding).
  4812 | D:6      | 4812 ||| Stepping ~*~*~tactically~*~*~ (outnumbered).
  4813 | D:6      | 4813 ||| Stepping ~*~*~tactically~*~*~ (outnumbered).
  4814 | D:6      | 4814 ||| Stepping ~*~*~tactically~*~*~ (outnumbered).
  4817 | D:6      | 4817 ||| INVOKING Fiery Armour.
  4824 | D:6      | Reached skill level 9 in Unarmed Combat
  4838 | D:6      | 4838 ||| FLEEEEING.
  4839 | D:6      | 4839 ||| FLEEEEING.
  4840 | D:6      | 4840 ||| FLEEEEING.
  4841 | D:6      | 4841 ||| FLEEEEING.
  4842 | D:6      | 4842 ||| FLEEEEING.
  4843 | D:6      | 4843 ||| FLEEEEING.
  4844 | D:6      | 4844 ||| FLEEEEING.
  4906 | D:6      | Reached skill level 1 in Throwing
  4906 | D:6      | Reached XP level 9. HP: 79/81 MP: 9/9
  5086 | D:6      | 5086 ||| RIP SEWER
  5145 | D:6      | 5145 ||| PLANNING D:1-11
  5178 | D:6      | 5178 ||| Stepping ~*~*~tactically~*~*~ (hiding).
  5179 | D:6      | 5179 ||| Stepping ~*~*~tactically~*~*~ (hiding).
  5286 | D:6      | 5286 ||| Stepping ~*~*~tactically~*~*~ (hiding).
  5434 | D:6      | 5434 ||| READING scroll labelled QUPUOH WUVYULEO.
  5579 | D:7      | 5579 ||| STAIRDANCE
  5634 | D:7      | 5634 ||| Stepping ~*~*~tactically~*~*~ (stealth).
  5640 | D:7      | 5640 ||| Stepping ~*~*~tactically~*~*~ (outnumbered).
  5716 | D:7      | Found a sparkling altar of Nemelex Xobeh.
  5716 | D:7      | Found a bloodstained altar of Trog.
  5803 | D:7      | 5803 ||| Stepping ~*~*~tactically~*~*~ (outnumbered).
  5804 | D:7      | 5804 ||| Stepping ~*~*~tactically~*~*~ (outnumbered).
  5805 | D:7      | 5805 ||| Stepping ~*~*~tactically~*~*~ (outnumbered).
  5806 | D:7      | 5806 ||| Stepping ~*~*~tactically~*~*~ (outnumbered).
  5807 | D:7      | 5807 ||| Stepping ~*~*~tactically~*~*~ (outnumbered).
  5808 | D:7      | 5808 ||| Stepping ~*~*~tactically~*~*~ (outnumbered).
  5809 | D:7      | 5809 ||| Stepping ~*~*~tactically~*~*~ (outnumbered).
  5810 | D:7      | 5810 ||| Stepping ~*~*~tactically~*~*~ (outnumbered).
  5811 | D:7      | 5811 ||| Stepping ~*~*~tactically~*~*~ (outnumbered).
  5812 | D:7      | 5812 ||| Stepping ~*~*~tactically~*~*~ (outnumbered).
  5813 | D:7      | 5813 ||| Stepping ~*~*~tactically~*~*~ (outnumbered).
  5814 | D:7      | 5814 ||| Stepping ~*~*~tactically~*~*~ (outnumbered).
  5815 | D:7      | 5815 ||| Stepping ~*~*~tactically~*~*~ (outnumbered).
  5816 | D:7      | 5816 ||| Stepping ~*~*~tactically~*~*~ (outnumbered).
  5817 | D:7      | 5817 ||| Stepping ~*~*~tactically~*~*~ (outnumbered).
  5818 | D:7      | 5818 ||| Stepping ~*~*~tactically~*~*~ (outnumbered).
  5862 | D:7      | 5862 ||| Stepping ~*~*~tactically~*~*~ (stealth).
  5866 | D:7      | 5866 ||| Stepping ~*~*~tactically~*~*~ (stealth).
  5959 | D:7      | 5959 ||| Stepping ~*~*~tactically~*~*~ (hiding).
  5972 | D:7      | 5972 ||| INVOKING Fiery Armour.
  6094 | D:7      | Found a hide-covered altar of Uskayaw.
  6094 | D:7      | Found an opulent altar of Gozag.
  6174 | D:7      | 6174 ||| READING scroll labelled PEUGRI JOJUGI.
  6236 | D:7      | 6236 ||| READING 2 scrolls of teleportation.
  6237 | D:7      | 6237 ||| STAIRDANCE
  6386 | D:8      | Noticed Erica
  6387 | D:8      | 6387 ||| INVOKING Fiery Armour.
  6390 | D:8      | Noticed a brown ugly thing
  6392 | D:8      | 6392 ||| Stepping ~*~*~tactically~*~*~ (outnumbered).
  6393 | D:8      | 6393 ||| Stepping ~*~*~tactically~*~*~ (outnumbered).
  6406 | D:8      | Killed a brown ugly thing
  6411 | D:8      | Killed Erica
  6412 | D:8      | Reached XP level 10. HP: 29/94 MP: 10/10
  6418 | D:8      | 6418 ||| FLEEEEING.
  6419 | D:8      | 6419 ||| FLEEEEING.
  6420 | D:8      | 6420 ||| FLEEEEING.
  6421 | D:8      | 6421 ||| FLEEEEING.
  6422 | D:8      | 6422 ||| FLEEEEING.
  6423 | D:8      | 6423 ||| FLEEEEING.
  6424 | D:8      | 6424 ||| FLEEEEING.
  6425 | D:8      | 6425 ||| FLEEEEING.
  6426 | D:8      | 6426 ||| FLEEEEING.
  6427 | D:8      | 6427 ||| FLEEEEING.
  6428 | D:8      | 6428 ||| FLEEEEING.
  6434 | D:8      | 6434 ||| FLEEEEING.
  6435 | D:8      | 6435 ||| FLEEEEING.
  6436 | D:8      | 6436 ||| FLEEEEING.
  6437 | D:8      | 6437 ||| FLEEEEING.
  6438 | D:8      | 6438 ||| FLEEEEING.
  6439 | D:8      | 6439 ||| FLEEEEING.
  6440 | D:8      | 6440 ||| FLEEEEING.
  6441 | D:8      | 6441 ||| FLEEEEING.
  6482 | D:8      | 6482 ||| Stepping ~*~*~tactically~*~*~ (stealth).
  6643 | D:8      | Noticed Maurice
  6645 | D:8      | 6645 ||| Stepping ~*~*~tactically~*~*~ (hiding).
  6646 | D:8      | 6646 ||| Stepping ~*~*~tactically~*~*~ (hiding).
  6665 | D:8      | Killed Maurice
  6753 | D:8      | Noticed a manticore
  6754 | D:8      | 6754 ||| Stepping ~*~*~tactically~*~*~ (hiding).
  6762 | D:8      | Killed a manticore
  7239 | D:8      | 7239 ||| UPGRADING to +2 kite shield of protection.
  7249 | D:8      | 7249 ||| DROPPING +0 kite shield.
  7250 | D:8      | 7250 ||| UPGRADING to +0 cloak.
  7264 | D:8      | 7264 ||| DROPPING ring of flight.
  7265 | D:8      | 7265 ||| READING scroll labelled FIUSSIMYISCH.
  7293 | D:7      | 7293 ||| READING 2 scrolls of identify.
  7293 | D:7      | 7293 ||| IDENTIFYING red potion
  7294 | D:7      | 7294 ||| DROPPING potion of invisibility.
  7331 | D:9      | Found a staircase to the Orcish Mines.
  7350 | D:9      | Reached skill level 9 in Shields
  7415 | D:9      | Found a glowing golden altar of the Shining One.
  7530 | D:9      | 7530 ||| Stepping ~*~*~tactically~*~*~ (hiding).
  7624 | D:9      | 7624 ||| READING scroll of enchant armour.
  7624 | D:9      | 7624 ||| ENCHANTING +0 cloak.
  7689 | D:9      | Found a shadowy altar of Dithmenos.
  8152 | D:10     | Entered Level 10 of the Dungeon
  8491 | D:10     | Found a portal to a secret trove of treasure.
  8530 | D:10     | Noticed a two-headed ogre
  8539 | D:10     | 8539 ||| INVOKING Fiery Armour.
  8540 | D:10     | Killed a two-headed ogre
  8541 | D:10     | Reached skill level 12 in Unarmed Combat
  8541 | D:10     | 8541 ||| Stepping ~*~*~tactically~*~*~ (hiding).
  8542 | D:10     | 8542 ||| FLEEEEING.
  8543 | D:10     | 8543 ||| Stepping ~*~*~tactically~*~*~ (hiding).
  8544 | D:10     | 8544 ||| Stepping ~*~*~tactically~*~*~ (hiding).
  8553 | D:10     | 8553 ||| Stepping ~*~*~tactically~*~*~ (outnumbered).
  8555 | D:10     | 8555 ||| Stepping ~*~*~tactically~*~*~ (outnumbered).
  8561 | D:10     | 8561 ||| Stepping ~*~*~tactically~*~*~ (outnumbered).
  9324 | D:10     | 9324 ||| READING 2 scrolls labelled ULUNNO GEAKAOT.
  9325 | D:10     | 9325 ||| READING 2 scrolls of identify.
  9325 | D:10     | 9325 ||| IDENTIFYING murky coppery potion
  9326 | D:10     | 9326 ||| DROPPING potion of brilliance.
  9327 | D:10     | 9327 ||| DROPPING scroll of butterflies.
  9377 | D:10     | 9377 ||| UPGRADING to +0 steam dragon scales.
  9387 | D:10     | 9387 ||| DROPPING +0 robe.
  9415 | D:11     | 9415 ||| PLANNING GAUNTLET
  9455 | D:11     | 9455 ||| INVOKING Fiery Armour.
  9457 | D:11     | Reached skill level 1 in Armour
  9645 | D:11     | Reached XP level 11. HP: 61/102 MP: 11/11
  9823 | D:11     | Found Mutuvvav's Armour Shop.
  9884 | D:11     | Found a gate leading to a gauntlet.
  9885 | D:11     | 9885 ||| UPGRADING to +0 troll leather armour.
  9895 | D:11     | 9895 ||| DROPPING +0 steam dragon scales.
  9905 | Gauntlet | Entered a Gauntlet
  9905 | Gauntlet | Noticed a tengu warrior
  9905 | Gauntlet | Found a runed translucent door.
  9905 | Gauntlet | Found a transporter.
  9905 | Gauntlet | Found a runed translucent door.
  9912 | Gauntlet | Found a transporter.
  9915 | Gauntlet | Found a transporter.
  9920 | Gauntlet | Noticed a tengu warrior
  9928 | Gauntlet | Found a transporter.
  9929 | Gauntlet | Found a transporter.
  9931 | Gauntlet | Noticed a wizard
  9933 | Gauntlet | Noticed a wizard
  9939 | Gauntlet | Found a transporter.
  9955 | Gauntlet | Found a transporter.
  9966 | Gauntlet | Found a transporter.
  9977 | Gauntlet | Found a transporter.
  9986 | Gauntlet | Noticed an obsidian statue
  9989 | Gauntlet | Found a transporter.
  9991 | Gauntlet | Found a transporter.
 10007 | Gauntlet | Found a transporter.
 10016 | Gauntlet | Found a runed translucent gate.
 10017 | Gauntlet | Found a runed translucent gate.
 10017 | Gauntlet | Found a transporter.
 10018 | Gauntlet | Found a runed translucent gate.
 10054 | Gauntlet | Found a transporter.
 10100 | Gauntlet | Killed a tengu warrior
 10117 | Gauntlet | Identified the ring of Pebil {*Corrode rF+ rN+ SInv}
 10119 | Gauntlet | 10119 ||| UPGRADING to ring of Pebil {*Corrode rF+ rN+
                  | SInv}.
 10137 | Gauntlet | 10137 ||| INVOKING Fiery Armour.
 10152 | Gauntlet | 10152 ||| Stepping ~*~*~tactically~*~*~ (outnumbered).
 10153 | Gauntlet | 10153 ||| Stepping ~*~*~tactically~*~*~ (cloud).
 10155 | Gauntlet | 10155 ||| Stepping ~*~*~tactically~*~*~ (outnumbered).
 10178 | Gauntlet | 10178 ||| Stepping ~*~*~tactically~*~*~ (outnumbered).
 10182 | Gauntlet | 10182 ||| Stepping ~*~*~tactically~*~*~ (cloud).
 10239 | Gauntlet | Noticed a soul eater
 10244 | Gauntlet | 10244 ||| DRINKING 4 potions of cancellation.
 10249 | Gauntlet | Lost mutation: You are agile. (Dex +4, Str/Int -1) [a
                  | neqoxec]
 10252 | Gauntlet | Killed an obsidian statue
 10273 | Gauntlet | 10273 ||| READING scroll labelled GEDADEZUZO.
 10359 | Gauntlet | Noticed a minotaur
 10360 | Gauntlet | 10360 ||| INVOKING Fiery Armour.
 10371 | Gauntlet | HP: 4/102 [minotaur/+2 antimagic battleaxe (26)]
 10372 | Gauntlet | 10372 ||| DRINKING 4 potions of heal wounds.
 10373 | Gauntlet | 10373 ||| DRINKING 3 potions of heal wounds.
 10373 | Gauntlet | Killed a minotaur
 10508 | Gauntlet | 10508 ||| UPGRADING to +4 ring of evasion.
 10540 | D:11     | 10540 ||| PLANNING D:1-11
 10632 | D:11     | 10632 ||| Stepping ~*~*~tactically~*~*~ (outnumbered).
 10633 | D:11     | 10633 ||| Stepping ~*~*~tactically~*~*~ (outnumbered).
 10634 | D:11     | 10634 ||| Stepping ~*~*~tactically~*~*~ (outnumbered).
 10637 | D:11     | 10637 ||| Stepping ~*~*~tactically~*~*~ (outnumbered).
 10638 | D:11     | 10638 ||| Stepping ~*~*~tactically~*~*~ (outnumbered).
 10640 | D:11     | 10640 ||| Stepping ~*~*~tactically~*~*~ (outnumbered).
 10645 | D:11     | 10645 ||| Stepping ~*~*~tactically~*~*~ (outnumbered).
 10646 | D:11     | 10646 ||| Stepping ~*~*~tactically~*~*~ (outnumbered).
 10647 | D:11     | 10647 ||| Stepping ~*~*~tactically~*~*~ (outnumbered).
 10648 | D:11     | 10648 ||| Stepping ~*~*~tactically~*~*~ (outnumbered).
 10649 | D:11     | 10649 ||| Stepping ~*~*~tactically~*~*~ (outnumbered).
 10650 | D:11     | 10650 ||| Stepping ~*~*~tactically~*~*~ (outnumbered).
 10651 | D:11     | 10651 ||| Stepping ~*~*~tactically~*~*~ (outnumbered).
 10652 | D:11     | 10652 ||| Stepping ~*~*~tactically~*~*~ (outnumbered).
 10654 | D:11     | 10654 ||| Stepping ~*~*~tactically~*~*~ (outnumbered).
 10655 | D:11     | 10655 ||| Stepping ~*~*~tactically~*~*~ (outnumbered).
 10656 | D:11     | 10656 ||| Stepping ~*~*~tactically~*~*~ (outnumbered).
 10657 | D:11     | 10657 ||| Stepping ~*~*~tactically~*~*~ (outnumbered).
 10661 | D:11     | 10661 ||| Stepping ~*~*~tactically~*~*~ (outnumbered).
 10662 | D:11     | 10662 ||| Stepping ~*~*~tactically~*~*~ (outnumbered).
 10663 | D:11     | 10663 ||| Stepping ~*~*~tactically~*~*~ (outnumbered).
 10665 | D:11     | 10665 ||| Stepping ~*~*~tactically~*~*~ (outnumbered).
 10666 | D:11     | 10666 ||| Stepping ~*~*~tactically~*~*~ (outnumbered).
 10668 | D:11     | 10668 ||| Stepping ~*~*~tactically~*~*~ (outnumbered).
 10669 | D:11     | 10669 ||| Stepping ~*~*~tactically~*~*~ (outnumbered).
 10670 | D:11     | 10670 ||| Stepping ~*~*~tactically~*~*~ (outnumbered).
 10671 | D:11     | 10671 ||| Stepping ~*~*~tactically~*~*~ (outnumbered).
 10673 | D:11     | 10673 ||| Stepping ~*~*~tactically~*~*~ (outnumbered).
 10674 | D:11     | 10674 ||| Stepping ~*~*~tactically~*~*~ (outnumbered).
 10676 | D:11     | 10676 ||| Stepping ~*~*~tactically~*~*~ (outnumbered).
 10677 | D:11     | 10677 ||| Stepping ~*~*~tactically~*~*~ (outnumbered).
 10678 | D:11     | 10678 ||| Stepping ~*~*~tactically~*~*~ (outnumbered).
 10679 | D:11     | 10679 ||| Stepping ~*~*~tactically~*~*~ (outnumbered).
 10680 | D:11     | 10680 ||| Stepping ~*~*~tactically~*~*~ (outnumbered).
 10681 | D:11     | 10681 ||| Stepping ~*~*~tactically~*~*~ (outnumbered).
 10682 | D:11     | 10682 ||| Stepping ~*~*~tactically~*~*~ (outnumbered).
 10683 | D:11     | 10683 ||| Stepping ~*~*~tactically~*~*~ (outnumbered).
 10687 | D:11     | Reached skill level 3 in Throwing
 10750 | D:11     | 10750 ||| Stepping ~*~*~tactically~*~*~ (stealth).
 10756 | D:11     | 10756 ||| Stepping ~*~*~tactically~*~*~ (stealth).
 10773 | D:11     | Found a staircase to the Lair.
 11006 | D:11     | Noticed a boulder beetle
 11007 | D:11     | 11007 ||| INVOKING Fiery Armour.
 11036 | D:11     | Killed a boulder beetle
 11294 | D:11     | 11294 ||| PLANNING LAIR
 11294 | D:11     | 11294 ||| UPGRADING to +0 tower shield.
 11304 | D:11     | 11304 ||| DROPPING +2 kite shield of protection.
 11305 | D:11     | 11305 ||| READING 2 scrolls of identify.
 11305 | D:11     | 11305 ||| IDENTIFYING yellow potion
 11324 | Lair:1   | Entered Level 1 of the Lair of Beasts
 11325 | Lair:1   | 11325 ||| INVOKING Fiery Armour.
 11330 | Lair:1   | 11330 ||| Stepping ~*~*~tactically~*~*~ (outnumbered).
 11331 | Lair:1   | 11331 ||| Stepping ~*~*~tactically~*~*~ (outnumbered).
 11333 | Lair:1   | 11333 ||| Stepping ~*~*~tactically~*~*~ (outnumbered).
 11338 | Lair:1   | 11338 ||| Stepping ~*~*~tactically~*~*~ (outnumbered).
 11339 | Lair:1   | 11339 ||| Stepping ~*~*~tactically~*~*~ (outnumbered).
 11340 | Lair:1   | 11340 ||| Stepping ~*~*~tactically~*~*~ (outnumbered).
 11344 | Lair:1   | 11344 ||| Stepping ~*~*~tactically~*~*~ (outnumbered).
 11345 | Lair:1   | 11345 ||| Stepping ~*~*~tactically~*~*~ (outnumbered).
 11346 | Lair:1   | 11346 ||| Stepping ~*~*~tactically~*~*~ (outnumbered).
 11490 | Lair:1   | Noticed a boulder beetle
 11491 | Lair:1   | 11491 ||| INVOKING Fiery Armour.
 11522 | Lair:1   | Killed a boulder beetle
 11523 | Lair:1   | Reached XP level 12. HP: 111/111 MP: 12/12
 11583 | Lair:1   | 11583 ||| PLANNING TEMPLE
 11583 | Lair:1   | 11583 ||| READING scroll labelled SOMEEFRYWU.
 11831 | D:4      | Noticed Natasha
 11834 | Temple   | Entered the Ecumenical Temple
 11943 | Temple   | 11943 ||| PLANNING CONVERSION TO OKAWARU
 11949 | Temple   | Fell from the grace of Ignis
 11949 | Temple   | Became a worshipper of Warmaster Okawaru
 11950 | Temple   | 11950 ||| PLANNING LAIR
 11978 | D:4      | 11978 ||| Stepping ~*~*~tactically~*~*~ (stealth).
 11981 | D:4      | 11981 ||| Stepping ~*~*~tactically~*~*~ (stealth).
 12381 | Lair:1   | Found a runed translucent door.
 12384 | Lair:1   | Noticed qw's ghost (journeyman TrCA)
 12495 | Lair:1   | 12495 ||| Stepping ~*~*~tactically~*~*~ (stealth).
 12496 | Lair:1   | 12496 ||| Stepping ~*~*~tactically~*~*~ (stealth).
 12498 | Lair:1   | 12498 ||| Stepping ~*~*~tactically~*~*~ (stealth).
 12507 | Lair:1   | You fall into a shaft and drop 1 floor!
 12630 | Lair:1   | Reached skill level 12 in Shields
 12639 | Lair:1   | You fall into a shaft and drop 1 floor!
 12640 | Lair:2   | Reached * piety under Okawaru
 13073 | Lair:1   | 13073 ||| READING 7 scrolls of teleportation.
 13293 | Lair:2   | 13293 ||| Stepping ~*~*~tactically~*~*~ (stealth).
 13295 | Lair:2   | 13295 ||| INVOKING Heroism.
 13299 | Lair:2   | 13299 ||| Stepping ~*~*~tactically~*~*~ (outnumbered).
 13308 | Lair:2   | Reached skill level 1 in Invocations
 13396 | Lair:2   | 13396 ||| Stepping ~*~*~tactically~*~*~ (stealth).
 13397 | Lair:2   | 13397 ||| INVOKING Heroism.
 13416 | Lair:2   | 13416 ||| Stepping ~*~*~tactically~*~*~ (stealth).
 13417 | Lair:2   | 13417 ||| Stepping ~*~*~tactically~*~*~ (stealth).
 13425 | Lair:2   | 13425 ||| Stepping ~*~*~tactically~*~*~ (stealth).
 13426 | Lair:2   | 13426 ||| Stepping ~*~*~tactically~*~*~ (stealth).
 13462 | Lair:2   | 13462 ||| Stepping ~*~*~tactically~*~*~ (stealth).
 13931 | Lair:3   | 13931 ||| STAIRDANCE
 13981 | Lair:3   | Found a transporter.
 13994 | Lair:3   | Found a hole to the Spider Nest.
 14012 | Lair:3   | 14012 ||| INVOKING Heroism.
 14014 | Lair:3   | Reached skill level 3 in Invocations
 14014 | Lair:3   | 14014 ||| Stepping ~*~*~tactically~*~*~ (outnumbered).
 14017 | Lair:3   | 14017 ||| Stepping ~*~*~tactically~*~*~ (outnumbered).
 14027 | Lair:3   | Reached ** piety under Okawaru
 14060 | Lair:3   | 14060 ||| INVOKING Heroism.
 14129 | Lair:3   | 14129 ||| INVOKING Heroism.
 14169 | Lair:3   | 14169 ||| Stepping ~*~*~tactically~*~*~ (hiding).
 14170 | Lair:3   | 14170 ||| Stepping ~*~*~tactically~*~*~ (hiding).
 14171 | Lair:3   | 14171 ||| Stepping ~*~*~tactically~*~*~ (hiding).
 14171 | Lair:3   | Found a staircase to the Swamp.
 14172 | Lair:3   | 14172 ||| Stepping ~*~*~tactically~*~*~ (hiding).
 14179 | Lair:3   | 14179 ||| DRINKING 3 potions of cancellation.
 14207 | Lair:3   | Found a one-way gate to the infinite horrors of the Abyss.
 14207 | Lair:3   | Noticed qw's ghost (journeyman TrCA)
 14382 | Lair:3   | 14382 ||| INVOKING Heroism.
 14388 | Lair:3   | 14388 ||| Stepping ~*~*~tactically~*~*~ (stealth).
 14514 | Lair:3   | Found a transporter.
 14615 | Lair:3   | 14615 ||| READING 3 scrolls of identify.
 14615 | Lair:3   | 14615 ||| IDENTIFYING amethyst potion
 14616 | Lair:3   | 14616 ||| READING 2 scrolls of identify.
 14616 | Lair:3   | 14616 ||| IDENTIFYING fizzy grey potion
 14617 | Lair:3   | 14617 ||| DROPPING potion of lignification.
 14665 | Lair:4   | 14665 ||| Stepping ~*~*~tactically~*~*~ (stealth).
 14730 | Lair:4   | Noticed Snorg
 14731 | Lair:4   | 14731 ||| INVOKING Heroism.
 14741 | Lair:4   | HP: 22/111 [Snorg (15)]
 14742 | Lair:4   | 14742 ||| READING 7 scrolls of teleportation.
 14743 | Lair:4   | 14743 ||| DRINKING 6 potions of heal wounds.
 14745 | Lair:4   | 14745 ||| DRINKING 5 potions of heal wounds.
 14746 | Lair:4   | HP: 27/111 [Snorg (12)]
 14747 | Lair:4   | 14747 ||| DRINKING 4 potions of heal wounds.
 14754 | Lair:4   | 14754 ||| INVOKING Heroism.
 14917 | Lair:4   | 14917 ||| INVOKING Heroism.
 14937 | Lair:4   | Killed Snorg
 14991 | Lair:4   | Noticed a seven-headed hydra
 14992 | Lair:4   | 14992 ||| FLEEEEING.
 14997 | Lair:4   | 14997 ||| INVOKING Heroism.
 15006 | Lair:4   | HP: 23/111 [11-headed hydra (7)]
 15006 | Lair:4   | HP: 8/111 [11-headed hydra (15)]
 15007 | Lair:4   | 15007 ||| READING 6 scrolls of teleportation.
 15007 | Lair:4   | Slain by an 11-headed hydra

Levels and vault maps discovered:
D:1:      wander_arrival_desolate, layout_basic, serial_rivers,
          chequers_serial_rivers_micro_e, chequers_serial_rivers_large_b,
          chequers_serial_rivers_small_b, chequers_serial_rivers_micro_d,
          minmay_stone_trees_small, feat_on_display
D:2:      layout_basic, shapermc_ecumenical_altar_mp_urbaneastern, serial_shops,
          nicolae_shop_waterfront
D:3:      layout_basic, minmay_misc_feat_doors
D:4:      layout_loops_ring, minmay_temple_entry_trees, uniq_robin,
          uniq_duvessa, uniq_blork_the_orc, uniq_natasha
D:5:      minmay_razor_zed, layout_loops_ring, uniq_edmund
D:6:      layout_gridville, cheibrodos_sewer_entry_bend
D:7:      layout_basic, nicolae_overflow_hidden_temple
D:8:      lemuel_ice_spiral_2, layout_basic, kennysheep_opposing_triangles,
          uniq_erica, uniq_maurice
D:9:      layout_basic, nicolae_dithmenos_shadow_blocks,
          mainiacjoe_overflow_small_starburst, orc_0_dummy,
          serial_bayou_crossing
D:10:     layout_long_grid, trove_entry_hex_spiral, nicolae_elevator_lobby_plus
D:11:     layout_stronghold, david_lair_generic, serial_shops,
          nicolae_shop_hallway_stairs, gauntlet_entry_generic
Temple:   regret_index_temple_sphere_string
Lair:1:   layout_cave_pods, hellmonk_ghost_happy_afterlife, evilmike_ambush
          [evilmike_ambush_outer_basic, evilmike_ambush_inner_basic],
          grunt_megastairs_2
Lair:2:   layout_chaotic_city, serial_forest, infiniplex_forest_clump_small,
          infiniplex_forest_corner_1, infiniplex_forest_clump_small,
          infiniplex_forest_fountain, infiniplex_forest_clump_curved,
          beast_lair_carwin_8, lemuel_fruit_fields
Lair:3:   layout_loops_ring, swamp_mist, spider_nest_entry_web_field,
          gammafunk_ghost_abyssal_escape, serial_bayou_pond_e, st_stairs_10
Lair:4:   layout_long_grid, slime_entry_2, uniq_snorg

Skill      XL: |  1  2  3  4  5  6  7  8  9 10 11 12 |
---------------+-------------------------------------+-----
Unarmed Combat | 4 6 7 9 10 12 13 | 13.6
Shields        | 2 3 4 5 6 8 9 11 13 | 13.7
Dodging        | 1 2 |  2.0
Fighting       | 3 4 5 |  5.0
Throwing       | 1 3 |  3.0
Armour         | 1 |  1.1
Invocations    | 4 |  4.1
Spellcasting   | |  1.0
Fire Magic     | |  2.1

Action                   |  1- 3 |  4- 6 |  7- 9 | 10-12 || total
-------------------------+-------+-------+-------+-------++-------
Melee: Unarmed           |   114 |   136 |   261 |   605 ||  1116
       Punch             |     1 |       |       |       ||     1
Throw: Boomerang         |       |       |    55 |       ||    55
       Javelin           |       |       |       |    27 ||    27
Invok: Fiery Armour      |       |     2 |     4 |     7 ||    13
       Heroism           |       |       |       |    10 ||    10
  Use: Scroll            |     5 |     3 |     8 |    13 ||    29
       Potion            |     1 |     1 |     6 |     7 ||    15
 Stab: Sleeping          |       |       |     1 |     1 ||     2
       Distracted        |       |       |       |     1 ||     1
Armor: Robe              |    59 |    27 |    52 |    33 ||   171
       Steam dragon scal |       |       |       |    10 ||    10
       Troll leather arm |       |       |       |    87 ||    87
Dodge: Dodged            |    41 |    32 |    57 |   189 ||   319
Block: Kite shield       |    13 |    43 |    82 |   141 ||   279
       Tower shield      |       |       |       |   194 ||   194

Table legend:
 A = Non-vault XP
 B = Vault XP
 C = Vault XP percentage of total XP
 D = Non-vault monster count
 E = Vault monster count
 F = Vault count percentage of total count
                 A         B        C        D         E       F
            +---------+---------+-------+---------+---------+-------
      Total |   23670 |   10800 |  31.3 |     242 |      57 |  19.1
            +---------+---------+-------+---------+---------+-------
        D:1 |      39 |       0 |   0.0 |      22 |       0 |   0.0
        D:2 |      55 |       0 |   0.0 |      17 |       0 |   0.0
        D:3 |     132 |       0 |   0.0 |      14 |       0 |   0.0
        D:4 |     355 |     380 |  51.7 |      21 |      15 |  41.7
        D:5 |     637 |     544 |  46.1 |      13 |      10 |  43.5
        D:6 |    1111 |       5 |   0.4 |      31 |       1 |   3.1
        D:7 |    1119 |       0 |   0.0 |      23 |       0 |   0.0
        D:8 |    1236 |    1950 |  61.2 |      13 |       6 |  31.6
        D:9 |     512 |       0 |   0.0 |       8 |       0 |   0.0
       D:10 |    1864 |       0 |   0.0 |      15 |       0 |   0.0
       D:11 |    3500 |     659 |  15.8 |      14 |       4 |  22.2
     Lair:1 |    4597 |    1081 |  19.0 |      16 |       4 |  20.0
     Lair:2 |    3229 |    1211 |  27.3 |      15 |       8 |  34.8
     Lair:3 |    2918 |     151 |   4.9 |      12 |       1 |   7.7
     Lair:4 |    2366 |     936 |  28.3 |       8 |       1 |  11.1
   Gauntlet |       0 |    3883 | 100.0 |       0 |       7 | 100.0
            +---------+---------+-------+---------+---------+-------
